 Dungeon Crawl Stone Soup version 0.29.1-1-gd02db6906a (webtiles) character file.

Game seed: 14680038439608481213

67 xian the Firebug (level 3, -12/24 HPs)
             Began as a Demonspawn Fire Elementalist on Oct 11, 2022.
             Mangled by an ogre
             ... wielding a +0 giant club
              (19 damage)
             ... on level 4 of the Dungeon.
             The game lasted 00:07:33 (2276 turns).

xian the Firebug (Demonspawn Fire Elementalist)     Turns: 2276, Time: 00:07:34

Health: -12/24     AC:  6    Str:  3    XL:     3   Next: 98%
Magic:  6/6        EV:  8    Int: 21    God:
Gold:   140        SH:  5    Dex: 22    Spells: 4/7 levels left

rFire   + + .      SeeInvis +   n - +8 spear "Juimaugefoi" {drain, +Blink rF+++ Str-4}
rCold   + + .      Faith    .   (no shield)
rNeg    + . .      Spirit   .   m - +0 ring mail "Ygepiuk" {rPois Regen+ Str-2 Dex+5}
rPois   +          Reflect  +   k - +0 helmet
rElec   .          Harm     .   (no cloak)
rCorr   .          Rampage  .   (no gloves)
Will    .....                   (no boots)
Stlth   +++.......              b - amulet "Sogolum" {Reflect +Inv rF- rC++ SH+5 Stlth+}
HPRegen 1.68/turn               f - +6 ring of intelligence
MPRegen 0.10/turn               g - ring of positive energy

@: mighty
A: claws 1, powered by pain 1, see invisible, agile 1, regeneration 1
a: Evoke Blink, Evoke Invisibility


You were on level 4 of the Dungeon.
You visited 1 branch of the dungeon, and saw 4 of its levels.

You collected 140 gold pieces.

Inventory:

Hand Weapons
 n - the +8 spear "Juimaugefoi" (weapon) {drain, +Blink rF+++ Str-4}
   (You found it on level 2 of the Dungeon)

   A truly terrible weapon, it drains the life of any living foe it strikes.
   Str:       It affects your strength (-4).
   rF:        It renders you almost immune to fire.
   +Blink:    It lets you blink.
Missiles
 o - 5 javelins
Armour
 a - a +0 robe
 e - a +0 plate armour
 k - a +0 helmet (worn)
 m - the +0 ring mail "Ygepiuk" (worn) {rPois Regen+ Str-2 Dex+5}
   (You found it on level 2 of the Dungeon)

   Str:       It affects your strength (-2).
   Dex:       It affects your dexterity (+5).
   rPois:     It protects you from poison.
   Regen:     It increases your rate of health regeneration.
Jewellery
 b - the amulet "Sogolum" (around neck) {Reflect +Inv rF- rC++ SH+5 Stlth+}
   (You acquired it on level 3 of the Dungeon)

   [amulet of reflection]

   It reflects blocked missile attacks.
   rF:        It makes you vulnerable to fire.
   rC:        It greatly protects you from cold.
   +Inv:      It lets you turn invisible.
   SH:        It affects your SH (+5).
   Stlth:     It makes you more stealthy.
 f - a +6 ring of intelligence (left claw)
 g - a ring of positive energy (right claw)
Scrolls
 i - 2 scrolls of teleportation
 j - a scroll of amnesia {unknown}
 p - a scroll of silence {unknown}
Potions
 c - a potion of heal wounds
 d - a potion of mutation
 h - a potion of flight
 l - a potion of haste {unknown}


   Skills:
 + Level 0.2 Armour
 + Level 2.0 Dodging
 + Level 2.0 Stealth
 + Level 2.5 Spellcasting
 + Level 1.5 Conjurations
 + Level 3.5 Fire Magic


You had 4 spell levels left.
You knew the following spells:

 Your Spells              Type           Power      Damage    Failure   Level
a - Foxfire               Conj/Fire      52%        2x1d6     36%         1
b - Scorch                Fire           34%        2d6       36%         2

Your spell library contained the following spells:

 Spells                   Type           Power      Damage    Failure   Level
 Apportation              Tloc           4%         N/A       75%         1
 Conjure Flame            Conj/Fire      13%        6-21      75%         3
 Inner Flame              Hex/Fire       10%        N/A       85%         3
 Gell's Gravitas          Tloc           2%         N/A       98%         3
 Teleport Other           Tloc           2%         N/A       98%         3
 Flame Wave               Conj/Fire      13%        2d6       98%         4
 Alistair's Intoxication  Tmut/Pois      1%         N/A       100%        5
 Dispersal                Tloc           1%         N/A       100%        6


Dungeon Overview and Level Annotations

Branches:
Dungeon (4/15)
 Temple: D:4-7

Altars:

Shops:
D:4 =

Annotations:
D:3 1 transporter, hikkokomori's ghost, weakling FoDe


Innate Abilities, Weirdness & Mutations

You have sharp fingernails.
You sometimes gain a little power by taking damage.
You have supernaturally acute eyesight. (SInv)
You are agile. (Dex +4, Str/Int -1)
Your natural rate of healing is unusually fast.


Message History

The foxfire hits the ball python.
You kill the ball python!
You are out of magic!
Unknown command.
Your foxfire dissipates!
Your magical contamination has completely faded away.
Magic restored.
Found a stone staircase leading up.
There is an entrance to Tozxem's Jewellery Shop here.
Okay, then.
You now have 140 gold pieces (gained 18).
An ogre comes into view. It is wielding a +0 giant club.
A hobgoblin comes into view.
Casting: Foxfire (safe; 36% risk of failure)
Confirm with . or Enter, or press ? or * to list all spells.
The spell is quite dangerous to miscast (36% risk of failure)!
Continue anyway? [Y]es or [N]o only, please.
The spell is quite dangerous to miscast (36% risk of failure)!
Continue anyway?
Okay, then.
The ogre shouts!
Casting: Scorch (quite dangerous; 36% risk of failure)
Confirm with . or Enter, or press ? or * to list all spells.
The spell is quite dangerous to miscast (36% risk of failure)!
Continue anyway?
Okay, then.
You barely miss the ogre. The ogre hits you with a +0 giant club!
You hit the ogre. You claw the ogre, but do no damage.
The ogre is lightly wounded.
You hit the ogre.
The ogre is moderately wounded.
The ogre hits you with a +0 giant club!
Ouch! That really hurt!
* * * LOW HITPOINT WARNING * * *
You focus on the pain.
You feel very mighty all of a sudden.
The hobgoblin hits you but does no damage.
You puncture the ogre! You drain the ogre.
The ogre is severely wounded.
The ogre hits you with a +0 giant club!!
Ouch! That really hurt!
You die...

#.....# #.....##
. #......#
#.≈.####.##
#.≈......#######
#.≈.####........
#.≈....#.#......
#.≈.............
.≈.##g@..#####.
≈≈≈...O.........
.......#.######.
..#.##.#.. ....
#.#### ### #. #.
#.


You could see an ogre (drained) and a hobgoblin.

Vanquished Creatures
  Terence (D:3)
  An adder (D:2)
  A worm (D:2)
  A dart slug (D:2)
  An orc (D:3)
  An endoplasm (D:3)
  A giant cockroach (D:3)
  A goblin (D:3)
  6 hobgoblins
  3 quokkas
  4 ball pythons
  2 frilled lizards
  A kobold (D:1)
  2 rats (D:3)
26 creatures vanquished.

Vanquished Creatures (others)
  79 foxfires
79 creatures vanquished.

Grand Total: 105 creatures vanquished

Notes
Turn   | Place    | Note
-------+----------+-------------------------------------------
     0 | D:1      | xian the Demonspawn Fire Elementalist began the quest for
                  | the Orb.
     0 | D:1      | Reached XP level 1. HP: 13/13 MP: 3/3
     6 | D:1      | Found a faded altar of an unknown god.
   469 | D:1      | Reached skill level 3 in Fire Magic
   932 | D:2      | Gained mutation: You sometimes gain a little power by
                  | taking damage. [demonic ancestry]
   932 | D:2      | Reached XP level 2. HP: 19/19 MP: 1/5
   935 | D:2      | Learned a level 2 spell: Scorch
  1339 | D:2      | Identified the +0 ring mail "Ygepiuk" {rPois Regen+ Str-2
                  | Dex+5}
  1352 | D:2      | Identified the +8 spear "Juimaugefoi" {drain, +Blink rF+++
                  | Str-4}
  1358 | D:2      | You fall into a shaft and drop 1 floor!
  1369 | D:3      | Gained mutation: You have sharp fingernails. [demonic
                  | ancestry]
  1369 | D:3      | Reached XP level 3. HP: 24/24 MP: 6/6
  1546 | D:3      | Noticed Terence
  1564 | D:3      | Gained mutation: Your natural rate of healing is unusually
                  | fast. [potion of mutation]
  1564 | D:3      | Gained mutation: You are agile. (Dex +4, Str/Int -1)
                  | [potion of mutation]
  1564 | D:3      | Gained mutation: You have supernaturally acute eyesight.
                  | (SInv) [potion of mutation]
  1577 | D:3      | Killed Terence
  1721 | D:3      | Found a transporter.
  1721 | D:3      | Noticed hikkokomori's ghost (weakling FoDe)
  1723 | D:3      | Noticed an ogre
  1723 | D:3      | Noticed an ogre
  1725 | D:3      | Identified a scroll of acquirement
  1729 | D:3      | Acquired the amulet "Sogolum" {Reflect +Inv rF- rC++ SH+5
                  | Stlth+}
  2148 | D:4      | Found Tozxem's Jewellery Shop.
  2268 | D:4      | Noticed an ogre
  2276 | D:4      | Mangled by an ogre

Illustrated notes

Levels and vault maps discovered:
D:1:      reono_arrival_forest_river, layout_loops_cross,
          ebering_ecumenical_altar_mist
D:2:      layout_basic
D:3:      layout_loops_ring, gammafunk_ghost_smash, uniq_terence
D:4:      layout_basic, nicolae_overflow_squiral,
          minmay_temple_entry_nine_rooms, serial_shops, shop,
          nicolae_stop_n_shop_1, nicolae_shop_crystal,
          nicolae_shop_advertising_works [nicolae_subvault_shop_adworks], shop,
          uniq_sigmund, uniq_natasha

Skill      XL: |  1  2  3 |
---------------+----------+-----
Fire Magic     | 3 |  3.5
Dodging        | 2 |  2.0
Stealth        | 2 |  2.0
Armour         | |  0.2
Spellcasting   | |  2.5
Conjurations   | |  1.5

Action                   || total
-------------------------++-------
Melee: Unarmed           ||     3
       Whip              ||     8
       Spear             ||    20
       Punch             ||     1
 Cast: Foxfire           ||    54
       Scorch            ||     5
  Use: Scroll            ||     6
       Potion            ||     3
 Stab: Sleeping          ||     1
Armor: Robe              ||     1
       Skin              ||     7
       Ring mail         ||     6
Dodge: Dodged            ||    26
Block: Other             ||     1
